 Dungeon Crawl Stone Soup version 0.20-a0-151-g755e310 (webtiles) character file.

5581 Faca the Cleaver (level 11, -2/83 HPs)
             Began as a Formicid Fighter on Nov 22, 2016.
             Was a Believer of Trog.
             Slain by a red ugly thing (8 damage)
             ... on level 12 of the Dungeon.
             The game lasted 00:50:33 (7810 turns).

Faca the Cleaver (Formicid Fighter)                 Turns: 7810, Time: 00:50:34

Health: -2/83      AC: 17    Str: 21    XL:     11   Next: 2%
Magic:  11/11      EV:  6    Int:  8    God:    Trog [**....]
Gold:   673        SH: 11    Dex: 13    Spells: 10/10 levels left

rFire  + . .     SeeInvis +     v - +2 hand axe (flame)
rCold  . . .     Gourm    .     A - +0 plate armour
rNeg   . . .     Faith    .     c - +0 shield
rPois  .         Spirit   .     (helmet unavailable)
rElec  .         Reflect  .     z - +0 cloak
rCorr  .         Harm     .     p - +0 pair of gloves
MR     ++...                    e - +1 pair of boots
Stlth  ..........               (no amulet)
                                m - ring of protection from magic
                                y - ring of protection from fire

@: heavily drained
A: permanent stasis, dig shafts and tunnels, four strong arms, antennae 3
a: Dig, Shaft Self, Trog's Hand, Burn Spellbooks, Renounce Religion


You were on level 12 of the Dungeon.
You worshipped Trog.
Trog was pleased with you.
You were not hungry.

You visited 2 branches of the dungeon, and saw 12 of its levels.

You collected 673 gold pieces.

Inventory:

Hand Weapons
 v - a +2 hand axe of flaming (weapon)
Armour
 c - a +0 shield (worn)
 e - a +1 pair of boots (worn)
 p - a +0 pair of gloves (worn)
 z - a +0 cloak (worn)
 A - a +0 plate armour (worn)
Jewellery
 m - a ring of protection from magic (right hand)
 o - an uncursed ring of resist corrosion
 q - an uncursed ring of protection from fire
 y - a ring of protection from fire (left hand)
Wands
 l - a wand of disintegration (7/24)
Scrolls
 a - a scroll of magic mapping
 i - 5 scrolls of remove curse
 j - 4 scrolls of identify
 n - 2 scrolls of fog
 x - a scroll of recharging
 B - 2 scrolls of enchant armour
Potions
 b - 2 potions of haste {unknown}
 d - 3 potions of might
 g - 4 potions of curing
 h - 3 potions of flight {unknown}
 k - 2 potions of brilliance {unknown}
 s - a potion of agility {unknown}
 t - a potion of lignification {unknown}
 u - a potion of cure mutation {unknown}
 D - a potion of degeneration {unknown}
 H - a potion of berserk rage {unknown}
Miscellaneous
 C - a phantom mirror
Comestibles
 f - 5 bread rations
 w - a meat ration
 E - 7 slices of pizza
 F - 2 beef jerkies
 G - 2 fruits


   Skills:
 + Level 6.7(4.7) Fighting
 + Level 10.5(8.3) Axes
 + Level 7.8(5.8) Armour
 + Level 2.9(1.1) Dodging
 + Level 9.7(7.5) Shields


You had 10 spell levels left.
You didn't know any spells.

Dungeon Overview and Level Annotations

Branches:
Dungeon (10/15)            Temple (1/1) D:6            Lair (0/6) D:9
    Orc: D:9-12

Altars:
Cheibriados
Fedhas
Kikubaaqudgha
Okawaru
Trog
Vehumet
The Shining One

Shops:
D:8 (

Annotations:
D:9 Josephine


Innate Abilities, Weirdness & Mutations

You cannot be hasted, slowed, berserked, paralysed or teleported.
You can dig through walls and to a lower floor.
Your four strong arms can wield two-handed weapons with a shield.
You have a pair of large antennae on your head. (SInv)


Message History

The red ugly thing is severely wounded.
The red ugly thing tail-slaps you but does no damage.
You hit the red ugly thing.
The red ugly thing is almost dead.
You block the red ugly thing's attack.
You hit the red ugly thing but do no damage.
The red ugly thing is severely wounded.
The red ugly thing tail-slaps you but does no damage.
You barely miss the red ugly thing.
The red ugly thing is severely wounded.
The red ugly thing tail-slaps you!
* * * LOW HITPOINT WARNING * * *
You are engulfed in flames!
You resist.
* * * LOW HITPOINT WARNING * * *
Your plate armour prevents you from hitting the red ugly thing.
The red ugly thing is severely wounded.
The red ugly thing tail-slaps you.
* * * LOW HITPOINT WARNING * * *
You are engulfed in flames!
You resist.
You die...

### ##+#+######
....#..........
....#..........
..............?
...............
...............
...$.).@[......
.......u.?.....
...............
...............
...............
.....#########.
..... .....


You could see a red ugly thing.

Vanquished Creatures
  Maurice (D:8)
  A troll (D:9)
  Grinder (D:3)
  Prince Ribbit (D:5)
  Sigmund (D:2)
  A wyvern (D:9)
  A human (D:9)
  4 hogs (D:9)
  2 hell hounds (D:9)
  A water moccasin (D:8)
  Duvessa (D:4)
  3 ice beasts
  An orc warrior (D:10)
  2 sky beasts
  3 ogres
  2 phantoms
  7 bullfrogs
  Blork the orc (D:5)
  A scorpion (D:9)
  Dowan (D:4)
  A vampire bat (D:3)
  A howler monkey (D:4)
  A centaur zombie (D:7)
  6 bullfrog zombies
  3 hounds
  A quasit (D:7)
  3 crimson imps (D:5)
  4 jellies
  5 orc priests
  Crazy Yiuf (D:2)
  7 orc wizards
  A centaur skeleton (D:9)
  Jessica (D:2)
  2 iguanas
  6 worker ants
  2 hound skeletons (D:6)
  2 worker ant zombies
  13 adders
  A howler monkey skeleton (D:9)
  2 shadow imps
  3 adder skeletons
  2 adder zombies
  A worm (D:5)
  4 dart slugs
  5 leopard geckos
  24 orcs
  3 bat skeletons (D:3)
  A bat zombie (D:3)
  5 giant cockroaches
  15 goblins
  9 hobgoblins
  9 jackals
  6 kobolds
  5 quokkas
  2 ball pythons
  7 bats
  7 frilled lizards
  2 leopard gecko zombies
  11 rats
220 creatures vanquished.

Notes
Turn   | Place    | Note
-------+----------+-------------------------------------------
     0 | D:1      | Faca the Formicid Fighter began the quest for the Orb.
     0 | D:1      | Reached XP level 1. HP: 18/18 MP: 1/1
   124 | D:1      | Reached XP level 2. HP: 24/24 MP: 2/2
   355 | D:1      | Reached XP level 3. HP: 30/30 MP: 3/3
   594 | D:2      | Noticed Sigmund
   617 | D:2      | Killed Sigmund
   617 | D:2      | Reached skill level 4 in Axes
   617 | D:2      | Reached XP level 4. HP: 18/37 MP: 4/4
   617 | D:2      | Reached XP level 5. HP: 21/42 MP: 5/5
   617 | D:2      | Reached XP level 6. HP: 24/48 MP: 6/6
   827 | D:2      | Reached skill level 5 in Shields
  1351 | D:2      | Noticed Jessica
  1358 | D:2      | Killed Jessica
  1358 | D:2      | Reached skill level 1 in Dodging
  1465 | D:2      | Found a runed door.
  1469 | D:2      | Noticed Crazy Yiuf
  1473 | D:2      | Killed Crazy Yiuf
  1839 | D:3      | Noticed Grinder
  1869 | D:3      | Killed Grinder
  1869 | D:3      | Reached skill level 5 in Axes
  1869 | D:3      | Reached XP level 7. HP: 8/54 MP: 7/7
  2190 | D:3      | Found an ancient bone altar of Kikubaaqudgha.
  2839 | D:4      | Found an iron altar of Okawaru.
  2983 | D:4      | Found a blossoming altar of Fedhas.
  2984 | D:4      | Found a radiant altar of Vehumet.
  3198 | D:5      | Entered Level 5 of the Dungeon
  3198 | D:5      | Noticed Blork the orc
  3202 | D:5      | Noticed Dowan
  3206 | D:5      | Noticed Duvessa
  3209 | D:5      | Killed Blork the orc
  3209 | D:5      | Reached XP level 8. HP: 60/61 MP: 8/8
  3222 | D:4      | Killed Dowan
  3222 | D:4      | Reached skill level 5 in Armour
  3226 | D:4      | Killed Duvessa
  3226 | D:4      | Reached skill level 6 in Axes
  3519 | D:5      | Noticed Prince Ribbit
  3555 | D:5      | Killed Prince Ribbit
  3993 | D:5      | Reached skill level 5 in Fighting
  4041 | D:5      | Found a snail-covered altar of Cheibriados.
  4287 | D:6      | Reached skill level 7 in Axes
  4287 | D:6      | Reached XP level 9. HP: 58/68 MP: 9/9
  4318 | D:6      | Found a staircase to the Ecumenical Temple.
  4347 | Temple   | Entered the Ecumenical Temple
  4365 | Temple   | Became a worshipper of Trog the Wrathful
  4567 | D:6      | You fall through a shaft for 2 floors!
  4579 | D:8      | Found Xetoe's Weapon Shoppe.
  4697 | D:7      | Reached skill level 8 in Axes
  4701 | D:7      | Reached * piety under Trog
  4798 | D:6      | Found a glowing golden altar of the Shining One.
  5692 | D:8      | Noticed Maurice
  5705 | D:8      | Killed Maurice
  5705 | D:8      | Reached skill level 9 in Axes
  5705 | D:8      | Reached XP level 10. HP: 76/76 MP: 10/10
  6414 | D:9      | Reached ** piety under Trog
  6604 | D:9      | Found a staircase to the Lair.
  6645 | D:9      | Reached skill level 10 in Axes
  7555 | D:10     | Entered Level 10 of the Dungeon
  7704 | D:10     | Reached XP level 11. HP: 83/83 MP: 11/11
  7709 | D:10     | Noticed Josephine
  7789 | D:9      | You fall through a shaft for 3 floors!
  7789 | D:12     | Noticed a red ugly thing
  7810 | D:12     | Slain by a red ugly thing

Vault maps used:
D:1:      dpeg_arrival_boxes_within_box
D:2:      minmay_diamond_boxcup, lightli_corner_chamber,
          uniq_crazy_yiuf_cottage, uniq_sigmund, uniq_jessica
D:3:      kennysheep_vampire_church, first_bread, uniq_grinder
D:4:      overflow_temple_1_default, gammafunk_temple_overflow_pools
D:5:      kennysheep_little_box, uniq_blork_the_orc, uniq_prince_ribbit1,
          uniq_duvessa
D:6:      tso_metal_star
D:8:      serial_shops, shop, uniq_maurice
D:9:      minmay_lair_entry_lava, grunt_livestock
D:10:     erik_orc_3, basic_altar, uniq_josephine
D:12:     uniq_kirke
Temple:   regret_index_temple_generic_petals

Skill      XL: |  1  2  3  4  5  6  7  8  9 10 |
---------------+-------------------------------+-----
Shields        | 4 5 6 7 8 9 |  9.7
Axes           | 4 5 7 9 10 | 10.5
Armour         | 4 5 6 7 |  7.8
Fighting       | 4 5 6 |  6.7
Dodging        | 1 2 |  2.9

Action                   |  1- 3 |  4- 6 |  7- 9 | 10-12 || total
-------------------------+-------+-------+-------+-------++-------
Melee: War axe           |    77 |   182 |    56 |       ||   315
       Hand axe          |       |       |   340 |   289 ||   629
Invok: Burn Spellbooks   |       |       |     4 |       ||     4
 Abil: Dig               |       |     1 |       |       ||     1
       Shaft Self        |       |       |       |     1 ||     1
  Use: Scroll            |     3 |     3 |     7 |     2 ||    15
       Potion            |       |       |       |     6 ||     6
  Eat: Meat ration       |       |     1 |     1 |     1 ||     3
       Bread ration      |       |       |     2 |       ||     2
Armor: Scale mail        |    38 |    71 |    94 |       ||   203
       Plate armour      |       |       |    47 |   129 ||   176
Dodge: Dodged            |    25 |    52 |   117 |    70 ||   264
Block: Shield            |    38 |   101 |   200 |   140 ||   479
